Map: Traitor's Exile

Players

kiwian

  • Race: Terran Terran
  • League: Grandmaster
  • Spawn Location: 12:00

PartinG

  • Race: Protoss Protoss
  • League: Master
  • Spawn Location: 9:00

BOOMONSTER

  • Race: Zerg Zerg
  • Spawn Location: 6:00

ShadyBear

  • Race: Protoss Protoss
  • League: Gold
  • Spawn Location: 5:00

VOD

Have the link to the VOD?

Description

Time

  • Played on: May 1, 2018, 9:08 p.m.
  • Length: 6:33
Show
View Real Time Build Order
Export as new Build Order

kiwian Terran 

Build Orders:  

Get SALT Encoding   

  12  0:01  SCV  
  13  0:13  SCV  
  14  0:18  Supply Depot  
  14  0:25  SCV  
  15  0:40  SCV  
  15  0:41  Barracks  
  16  0:45  Refinery  
  16  0:52  SCV  
  16  0:56  Refinery  
  17  1:04  SCV  
  18  1:16  SCV  
  19  1:29  Reaper, Orbital Command  
  20  1:36  Supply Depot  
  20  1:43  Ghost Academy  
  20  1:55  SCV  
  21  2:01  Barracks Tech Lab  
  21  2:07  SCV  
  22  2:19  SCV, Personal Cloaking  
  23  2:29  Ghost  
  25  2:34  SCV  
  26  2:45  Supply Depot  
  26  2:46  SCV  
  27  2:53  Factory  
  27  2:58  SCV  
  28  3:10  SCV  
  29  3:15  Ghost, Supply Depot  
  31  3:22  SCV  
  32  3:34  SCV  
  32  3:44  Ghost  
  32  3:46  SCV  
  35  3:56  Nuke  
  35  3:58  SCV  
  36  4:07  Command Center  
  36  4:11  SCV  
  36  4:15  Ghost  
  40  4:28  Ghost Academy  
  39  4:48  Ghost, Command Center  
  39  4:50  SCV  
  42  5:02  SCV  
  43  5:14  SCV  
  43  5:19  Ghost  
  43  5:20  Orbital Command  
  46  5:27  SCV  
  47  5:32  Nuke  
  47  5:38  Orbital Command  
  47  5:39  SCV  
  48  5:48  Refinery  
  48  5:50  Refinery  
  48  5:51  SCV  
  48  5:52  Barracks  
  48  5:53  Barracks  
  49  6:03  SCV  
  50  6:10  SCV  
  51  6:15  SCV  
Show
View Real Time Build Order
Export as new Build Order

PartinG Protoss 

Build Orders: Phoenix Opening 

Get SALT Encoding   

  12  0:00  Probe  
  13  0:13  Probe  
  14  0:18  Pylon  
  14  0:24  Probe  
  15  0:32  Probe  
  15  0:38  Gateway  
  15  0:41  Probe  
  16  0:46  Assimilator  
  17  0:50  Probe  
  17  0:55  Assimilator  
  18  0:58  Probe  
  19  1:06  Probe  
  20  1:14  Gateway  
  20  1:17  Probe  
  21  1:30  Cybernetics Core  
  21  1:32  Probe  
  22  1:38  Pylon  
  22  1:44  Probe  
  23  1:57  Probe  
  24  2:01  Pylon  
  24  2:06  Adept  
  24  2:07  Adept  
  28  2:09  Warp Gate  
  28  2:19  Stargate  
  28  2:23  Probe  
  29  2:55  Nexus  
  29  3:00  Phoenix  
  29  3:04  Probe  
  32  3:21  Probe  
  32  3:23  Phoenix  
  35  3:33  Probe  
  32  3:42  Phoenix  
  32  3:45  Probe, Pylon  
  33  3:53  Gateway  
  35  3:57  Probe  
  35  4:00  Shield Battery  
  36  4:06  Oracle  
  36  4:08  Probe  
  39  4:10  Probe  
  41  4:20  Stargate  
  41  4:21  Probe  
  41  4:23  Probe  
  43  4:29  Probe  
  43  4:35  Probe  
  43  4:37  Shield Battery, Probe  
  45  4:41  Zealot x2  
  45  4:43  Oracle  
  53  4:48  Probe  
  53  4:49  Probe  
  55  5:00  Probe  
  55  5:02  Probe  
  57  5:25  Zealot x2  
  61  5:30  Probe x2  
  61  5:32  Oracle  
  62  5:46  Pylon x2  
  62  5:47  Assimilator  
  62  5:48  Pylon  
  62  5:49  Assimilator  
  65  6:07  Probe x2  
  67  6:12  Zealot x3  
  67  6:15  Pylon  
  67  6:16  Pylon  
  73  6:19  Probe x2  
Show
View Real Time Build Order
Export as new Build Order

BOOMONSTER Zerg 

Build Orders: Hatch First 

Get SALT Encoding   

  12  0:01  Drone  
  13  0:12  Overlord  
  13  0:18  Drone  
  14  0:33  Drone x2  
  16  0:38  Drone  
  17  0:57  Drone  
  17  1:03  Hatchery  
  17  1:12  Spawning Pool  
  17  1:14  Drone  
  17  1:17  Drone  
  18  1:29  Drone  
  19  1:39  Drone  
  20  1:44  Extractor  
  19  1:54  Overlord  
  19  1:59  Queen  
  21  2:02  Zergling x2  
  22  2:13  Zergling x2  
  22  2:15  Drone  
  24  2:38  Zergling x2  
  24  2:39  Zergling x2  
  24  2:40  Drone x2, Roach Warren  
  25  3:02  Spine Crawler  
  25  3:05  Zergling x6  
  26  3:06  Zergling x4  
  26  3:08  Zergling x2  
  26  3:09  Zergling x4  
  30  3:35  Zergling x10  
  31  3:57  Overlord x2  
  28  4:21  Spore Crawler  
  26  4:35  Spore Crawler  
  25  4:40  Lair  
  25  4:45  Queen  
  27  4:58  Spore Crawler  
  22  5:30  Hatchery  
  20  5:35  Drone x3  
  18  5:51  Drone x2  
  18  5:52  Drone x2  
  18  5:53  Hydralisk Den  
  18  5:54  Extractor  
  20  5:59  Drone  
  23  6:11  Spore Crawler  
  23  6:14  Drone  
  23  6:16  Drone  
Show
View Real Time Build Order
Export as new Build Order

ShadyBear Protoss 

Build Orders: Oracle Opening 

Get SALT Encoding   

  1  0:00  Probe  
  12  0:05  Probe  
  14  0:19  Pylon  
  14  0:23  Probe  
  15  0:34  Assimilator  
  15  0:43  Gateway  
  15  0:45  Probe  
  16  0:52  Assimilator  
  16  1:00  Probe  
  17  1:09  Probe  
  17  1:17  Probe  
  19  1:26  Probe  
  20  1:36  Cybernetics Core  
  20  1:39  Probe  
  21  1:49  Pylon  
  21  1:53  Probe  
  22  2:08  Zealot  
  22  2:15  Stargate  
  21  2:50  Oracle, Adept  
  12  3:44  Probe  
  13  3:52  Probe  
  13  3:55  Nexus  
  14  4:05  Probe  
  15  4:13  Probe  
  12  4:21  Probe  
  14  4:37  Probe  
  15  4:59  Zealot  
  17  5:00  Probe  
  17  5:05  Probe  
  18  5:12  Probe  
  18  5:13  Probe  
  20  5:15  Phoenix  
  23  5:38  Probe  
  24  5:43  Stalker  
  24  6:05  Probe  
  24  6:10  Probe  
Tags
 
Add a new tag
Caveats
  • Supply blocks, unpowered buildings, or Contaminate may cause inaccurate times.
  • Supply counts are checked every 10 seconds.